Jets vs Islanders

Created - 23 décembre 2017 at 15:59

Goals
1 2 3 T
Jets 1 0 1 2
Islanders 1 1 3 5
Shots
1 2 3 T
Jets 7 11 7 25
Islanders 6 11 22 39

1st period

1. Islanders , Leo Komarov 2 (Anton Babchuk 6, Drew Stafford 8) at 7:07
2. Jets , Trevor Van Riemsdyk 2 (Gustav Nyquist 14, Brent Aubin 25) at 19:19

Penalties :
Wayne Simmonds (NYI) for Holding (Minor) at 15:49

2nd period

3. Islanders , Scott Glennie 10 (Anton Babchuk 7) at 10:59

Penalties :
Maxime Daigneault (WIN) for Slashing (Minor) at 5:05 - Tyler Ennis served the penalty.

3rd period

4. Islanders , Wayne Simmonds 6 (Brian Strait 5, Scott Glennie 22) at 0:47
5. Islanders , Jared Cowen 6 (Alex Burrows 8, Carey Price) at 2:53 (PP)
6. Islanders , Nick Bonino 8 (Wayne Simmonds 11) at 8:25
7. Jets , Sam Reinhart 5 (Marc-Edouard Vlasic 15) at 13:37

Penalties :
Ryan Ellis (WIN) for Cross-checking (Minor) at 1:26, Ryan Ellis (WIN) for Interference (Minor) at 15:50

Goalie Stats

Maxime Daigneault (WIN), 34 saves from 39 shots - (0,872), L, 4-9-1, 60:00 minutes
Carey Price (NYI), 23 saves from 25 shots - (0,920), W, 15-15-3, 60:00 minutes

Players Stats for Jets

Player Name              G  A  P  +/- PIM S  H  SB GA TA FO     MP     PP MP  PK MP  
------------------------------------------------------------------------------------
*Nico Hischier           0  0  0  -2  0   3  0  1  0  0  6/18   19:47   0:45   3:19 
Adam Pardy               0  0  0   0  0   0  0  0  0  0  0/0     0:00   0:00   0:00 
Andre Deveaux            0  0  0   0  0   0  0  0  0  0  6/12    9:17   0:45   1:27 
Brent Aubin              0  1  1   0  0   1  5  0  0  0  1/1    22:38   1:07   2:32 
Brett Kulak              0  0  0   0  0   1  0  0  0  0  0/0    12:02   0:00   0:00 
Gustav Nyquist           0  1  1   0  0   6  0  0  0  0  2/4    20:31   1:07   1:46 
Jake Muzzin              0  0  0  -2  0   0  5  0  0  0  0/0    22:44   0:52   2:57 
Josh Bailey              0  0  0  -2  0   1  0  0  0  0  4/8    25:05   0:45   3:30 
Kyle MacKinnon           0  0  0   0  0   3  1  0  0  0  8/17   14:08   0:00   0:00 
Marc-Edouard Vlasic      0  1  1   0  0   0  0  2  0  0  0/0    25:14   1:07   2:28 
Mark Fraser              0  0  0   0  0   0  1  1  0  0  0/0    12:09   0:07   0:00 
Pavel Vorobiev           0  0  0   0  0   5  0  0  0  0  0/0    14:08   0:00   0:00 
Raffi Torres             0  0  0   0  0   0  1  0  0  0  0/0     6:38   0:07   0:20 
Ryan Ellis               0  0  0   0  4   2  8  3  0  0  0/0    23:53   1:07   1:09 
Sam Reinhart             1  0  1   0  0   2  0  0  0  0  2/15   19:13   1:07   0:28 
Tim Jackman              0  0  0   0  0   0  2  0  0  0  0/2    14:15   0:07   0:00 
Trevor Van Riemsdyk      1  0  1  -2  0   1  2  1  0  0  0/0    18:05   0:45   1:44 
Tyler Ennis              0  0  0  -2  0   0  4  0  0  0  1/2    14:46   0:07   0:00 

Players Stats for Islanders

Player Name              G  A  P  +/- PIM S  H  SB GA TA FO     MP     PP MP  PK MP  
------------------------------------------------------------------------------------
Alex Burrows             0  1  1  -1  0   3  3  0  0  0  0/1    17:23   2:25   0:00 
Anton Babchuk            0  2  2   0  0   1  0  3  0  0  0/0    16:05   0:00   0:00 
Brian Strait             0  1  1   2  0   0  1  0  0  0  0/0    20:04   2:42   0:55 
Carl Gunnarsson          0  0  0   0  0   3  1  1  0  0  0/0    23:51   2:43   1:04 
Casey Cizikas            0  0  0   0  0   1  1  0  0  0  8/10    7:19   0:00   0:00 
Chris Higgins            0  0  0  -1  0   0  0  0  0  0  0/0    18:31   2:25   1:08 
Drew Stafford            0  1  1   1  0   5  0  0  0  0  1/1    12:34   0:00   0:00 
Grant Clitsome           0  0  0   0  0   2  4  2  0  0  0/0    23:51   2:43   1:04 
Jared Cowen              1  0  1   2  0   3  1  0  0  0  0/0    20:04   2:42   0:55 
Jiri Tlusty              0  0  0  -1  0   0  1  0  0  0  15/21  17:23   2:25   0:00 
Leo Komarov              1  0  1   1  0   3  2  0  0  0  10/17  12:34   0:00   0:00 
Manny Malhotra           0  0  0   0  0   1  0  0  0  0  0/0     8:10   0:00   0:51 
Mike Lundin              0  0  0   0  0   1  5  0  0  0  0/0    16:05   0:00   0:00 
Nick Bonino              1  0  1   2  0   8  1  1  0  0  13/24  21:53   3:00   1:08 
Nino Niederreiter        0  0  0   0  0   1  1  0  0  0  0/0     7:19   0:00   0:00 
Scott Glennie            1  1  2   2  0   3  2  0  0  0  0/1    20:45   3:00   0:00 
Sergei Kostitsyn         0  0  0   1  0   0  0  0  0  0  0/0    13:25   0:00   0:51 
Wayne Simmonds           1  1  2   2  2   4  2  0  0  0  2/4    20:44   3:00   0:00 

3 Stars

1 - Scott Glennie (NYI)
2 - Wayne Simmonds (NYI)
3 - Nick Bonino (NYI)

Power Play

Jets - 0 on 1 Attempt(s) - 0,00%
Islanders - 1 on 3 Attempt(s) - 33,33%

Penalty Kill

Jets - 2 on 3 Attempt(s) - 66,67% - Score 0 goal in Penalty Kill
Islanders - 1 on 1 Attempt(s) - 100,00% - Score 0 goal in Penalty Kill

Team Stat

Jets - Hits : 29 - Faceoff Wins : 30 - Blocked Shots : 8 - Penalty Minutes : 6
Islanders - Hits : 25 - Faceoff Wins : 49 - Blocked Shots : 7 - Penalty Minutes : 2

Official

Referees : Andrew Thackaberry and Brad Watson
Linesman : Matt McNulty and Paul Carnathan

Game Notes

No Game Note

Finance

Level 1 -- Attendance: 3300 (60,00%) -- Ticket Income 825 000 $
Level 2 -- Attendance: 2700 (60,00%) -- Ticket Income 337 500 $
Level 3 -- Attendance: 2100 (60,00%) -- Ticket Income 189 000 $
Level 4 -- Attendance: 2100 (60,00%) -- Ticket Income 126 000 $
Luxury Box -- Attendance: 987 (63,80%) -- Ticket Income 345 450 $
Game was played at the Nassau Veterans Memorial Coliseum.
Total Attendance: 11187 (60,32%)
Total Ticket Income: 1 822 950 $
Other Income: 893 246 $
Total Income: 2 716 196 $

Jets

5 vs 5 Forward 
   Center                   Left Wing                Right Wing               Time % Phy DF OF 
 1 *Nico Hischier           Josh Bailey              Tyler Ennis              34     1   2  2  
 2 Sam Reinhart             Gustav Nyquist           Brent Aubin              28     1   2  2  
 3 Kyle MacKinnon           Pavel Vorobiev           Tim Jackman              20     1   2  2  
 4 Andre Deveaux            Raffi Torres             Josh Bailey              18     1   2  2  

5 vs 5 Defense 
   Defense                  Defense                                           Time % Phy DF OF 
 1 Marc-Edouard Vlasic      Ryan Ellis                                        40     1   2  2  
 2 Jake Muzzin              Trevor Van Riemsdyk                               30     1   2  2  
 3 Mark Fraser              Brett Kulak                                       20     1   2  2  
 4 Jake Muzzin              Brent Aubin                                       10     1   2  2  

PowerPlay Forward 
   Center                   Left Wing                Right Wing               Time % Phy DF OF 
 1 *Nico Hischier           Josh Bailey              Andre Deveaux            60     1   2  2  
 2 Sam Reinhart             Gustav Nyquist           Brent Aubin              40     1   2  2  

PowerPlay Defense
   Defense                  Defense                                           Time % Phy DF OF 
 1 Brent Aubin              Jake Muzzin                                       60     1   2  2  
 2 Ryan Ellis               Marc-Edouard Vlasic                               40     1   2  2  

Penalty Kill 4 Players Forward 
   Center                   Wing                     Time % Phy DF OF 
 1 Josh Bailey              *Nico Hischier           60     1   2  2  
 2 Andre Deveaux            Gustav Nyquist           40     1   2  2  

Penalty Kill 4 Players Defense
   Defense                  Defense                  Time % Phy DF OF 
 1 Brent Aubin              Jake Muzzin              60     1   2  2  
 2 Ryan Ellis               Marc-Edouard Vlasic      40     1   2  2  

Penalty Kill - 3 Players Forward 
   Forward                                           Time % Phy DF OF 
 1 *Nico Hischier                                    60     1   2  2  
 2 Gustav Nyquist                                    40     1   2  2  

Penalty Kill - 3 Players Defense
   Defense                  Defense                  Time % Phy DF OF 
 1 Brent Aubin              Jake Muzzin              60     1   2  2  
 2 Ryan Ellis               Marc-Edouard Vlasic      40     1   2  2  

4 vs 4 Forward 
   Center                   Wing                     Time % Phy DF OF 
 1 Kyle MacKinnon           Josh Bailey              60     1   2  2  
 2 *Nico Hischier           Gustav Nyquist           40     1   2  2  

4 vs 4 Defense
   Defense                  Defense                  Time % Phy DF OF 
 1 Brent Aubin              Jake Muzzin              60     1   2  2  
 2 Ryan Ellis               Marc-Edouard Vlasic      40     1   2  2  

Last Minutes Offensive
   Center                   Left Wing                Right Wing               Defense                  Defense                  
   Josh Bailey              Tyler Ennis              Tim Jackman              Brent Aubin              Jake Muzzin              

Last Minutes Defensive
   Center                   Left Wing                Right Wing               Defense                  Defense                  
   Josh Bailey              Tyler Ennis              Tim Jackman              Brent Aubin              Jake Muzzin              

Goaltenders
Starting : Maxime Daigneault        
Backup : Sergei Bobrovsky         

Extra Forwards
Normal : Kyle MacKinnon, *Nico Hischier, Andre Deveaux - PP : Kyle MacKinnon, *Nico Hischier - PK : Andre Deveaux
Extra Defensemen
Normal : Mark Fraser, Trevor Van Riemsdyk, Brett Kulak - PP : Mark Fraser - PK : Trevor Van Riemsdyk, Brett Kulak
Penalty Shots
*Nico Hischier, Brent Aubin, Kyle MacKinnon, Josh Bailey, Gustav Nyquist
Custom OT Lines Forwards
Tyler Ennis, Brent Aubin, Kyle MacKinnon, Josh Bailey, Gustav Nyquist, Pavel Vorobiev, Sam Reinhart, *Nico Hischier, Andre Deveaux, Raffi Torres
Custom OT Lines Defensemen
Brent Aubin, Jake Muzzin, Ryan Ellis, Marc-Edouard Vlasic, Mark Fraser

Scratches
Mike Fisher (Broken Nose Injury), Tomas Surovy (Healthy), Randall Gelech (Bruised Right Foot Injury)

Islanders

5 vs 5 Forward 
   Center                   Left Wing                Right Wing               Time % Phy DF OF 
 1 Nick Bonino              Wayne Simmonds           Scott Glennie            35     0   2  3  
 2 Jiri Tlusty              Alex Burrows             Chris Higgins            30     0   2  3  
 3 Leo Komarov              Drew Stafford            Sergei Kostitsyn         25     1   2  2  
 4 Casey Cizikas            Manny Malhotra           Nino Niederreiter        10     1   3  1  

5 vs 5 Defense 
   Defense                  Defense                                           Time % Phy DF OF 
 1 Carl Gunnarsson          Grant Clitsome                                    40     0   2  3  
 2 Brian Strait             Jared Cowen                                       30     0   2  3  
 3 Anton Babchuk            Mike Lundin                                       20     1   2  2  
 4 Carl Gunnarsson          Grant Clitsome                                    10     1   2  2  

PowerPlay Forward 
   Center                   Left Wing                Right Wing               Time % Phy DF OF 
 1 Nick Bonino              Wayne Simmonds           Scott Glennie            60     0   0  5  
 2 Jiri Tlusty              Alex Burrows             Chris Higgins            40     0   0  5  

PowerPlay Defense
   Defense                  Defense                                           Time % Phy DF OF 
 1 Carl Gunnarsson          Grant Clitsome                                    60     1   1  3  
 2 Brian Strait             Jared Cowen                                       40     1   1  3  

Penalty Kill 4 Players Forward 
   Center                   Wing                     Time % Phy DF OF 
 1 Nick Bonino              Wayne Simmonds           60     1   4  0  
 2 Scott Glennie            Sergei Kostitsyn         40     1   4  0  

Penalty Kill 4 Players Defense
   Defense                  Defense                  Time % Phy DF OF 
 1 Carl Gunnarsson          Grant Clitsome           60     1   4  0  
 2 Brian Strait             Jared Cowen              40     1   4  0  

Penalty Kill - 3 Players Forward 
   Forward                                           Time % Phy DF OF 
 1 Nick Bonino                                       60     0   5  0  
 2 Wayne Simmonds                                    40     0   5  0  

Penalty Kill - 3 Players Defense
   Defense                  Defense                  Time % Phy DF OF 
 1 Carl Gunnarsson          Grant Clitsome           60     0   5  0  
 2 Brian Strait             Jared Cowen              40     0   5  0  

4 vs 4 Forward 
   Center                   Wing                     Time % Phy DF OF 
 1 Nick Bonino              Wayne Simmonds           60     0   2  3  
 2 Scott Glennie            Sergei Kostitsyn         40     0   2  3  

4 vs 4 Defense
   Defense                  Defense                  Time % Phy DF OF 
 1 Carl Gunnarsson          Grant Clitsome           60     0   2  3  
 2 Brian Strait             Jared Cowen              40     0   2  3  

Last Minutes Offensive
   Center                   Left Wing                Right Wing               Defense                  Defense                  
   Nick Bonino              Wayne Simmonds           Scott Glennie            Carl Gunnarsson          Grant Clitsome           

Last Minutes Defensive
   Center                   Left Wing                Right Wing               Defense                  Defense                  
   Nick Bonino              Wayne Simmonds           Scott Glennie            Carl Gunnarsson          Grant Clitsome           

Goaltenders
Starting : Carey Price              
Backup : Jaroslav Halak           

Extra Forwards
Normal : Alex Burrows, Scott Glennie, Jiri Tlusty - PP : Chris Higgins, Wayne Simmonds - PK : Nick Bonino
Extra Defensemen
Normal : Jared Cowen, Mike Lundin, Brian Strait - PP : Jared Cowen - PK : Mike Lundin, Brian Strait
Penalty Shots
Nick Bonino, Wayne Simmonds, Scott Glennie, Sergei Kostitsyn, Jiri Tlusty
Custom OT Lines Forwards
Nick Bonino, Wayne Simmonds, Scott Glennie, Alex Burrows, Jiri Tlusty, Chris Higgins, Drew Stafford, Sergei Kostitsyn, Leo Komarov, Nino Niederreiter
Custom OT Lines Defensemen
Carl Gunnarsson, Grant Clitsome, Brian Strait, Jared Cowen, Anton Babchuk

Scratches
Denis Tolpeko (Healthy), Adam McQuaid (Healthy), Dylan Olsen (Torso Injury)

% Time on Ice - Jets

Lines # - Real PCT - Wanted PCT - Time Play
Normal Forward
1 - 28% - 34% - 14:39
2 - 34% - 28% - 17:38
3 - 27% - 20% - 14:08
4 - 12% - 18% - 6:11
Normal Defense
1 - 41% - 40% - 21:39
2 - 30% - 30% - 15:36
3 - 23% - 20% - 12:02
4 - 6% - 10% - 3:19
PP Forward
1 - 38% - 60% - 0:45
2 - 62% - 40% - 1:14
PP Defense
1 - 44% - 60% - 0:52
2 - 56% - 40% - 1:07
PK Forward
1 - 78% - 60% - 4:12
2 - 22% - 40% - 1:13
PK Defense
1 - 54% - 60% - 2:57
2 - 46% - 40% - 2:28
PK3 Forward
1 - 0% - 60%
2 - 0% - 40%
PK3 Defense
1 - 0% - 60%
2 - 0% - 40%
44 Forward
1 - 0% - 60%
2 - 0% - 40%
44 Defense
1 - 0% - 60%
2 - 0% - 40%
Last Minute Offensive  - 0:00
Last Minute Defensive  - 0:00
Total
Forward - 60:00
Defense - 60:00

% Time on Ice - Islanders

Lines # - Real PCT - Wanted PCT - Time Play
Normal Forward
1 - 34% - 35% - 17:45
2 - 28% - 30% - 14:58
3 - 24% - 25% - 12:34
4 - 14% - 10% - 7:19
Normal Defense
1 - 36% - 40% - 18:46
2 - 31% - 30% - 16:27
3 - 31% - 20% - 16:05
4 - 2% - 10% - 1:18
PP Forward
1 - 55% - 60% - 3:00
2 - 45% - 40% - 2:25
PP Defense
1 - 50% - 60% - 2:43
2 - 50% - 40% - 2:42
PK Forward
1 - 100% - 60% - 1:59
2 - 0% - 40% - 0:00
PK Defense
1 - 54% - 60% - 1:04
2 - 46% - 40% - 0:55
PK3 Forward
1 - 0% - 60%
2 - 0% - 40%
PK3 Defense
1 - 0% - 60%
2 - 0% - 40%
44 Forward
1 - 0% - 60%
2 - 0% - 40%
44 Defense
1 - 0% - 60%
2 - 0% - 40%
Last Minute Offensive  - 0:00
Last Minute Defensive  - 0:00
Total
Forward - 60:00
Defense - 60:00

Play by Play

1st period


0:01 of 1st period - Wayne Simmonds wins face-off versus *Nico Hischier in neutral zone.
0:26 of 1st period - Shot by *Nico Hischier.
0:26 of 1st period - Stopped by Carey Price with a rebound.
0:30 of 1st period - Shot by Tyler Ennis.
0:30 of 1st period - Shot Misses the Net.
2:15 of 1st period - Pavel Vorobiev is hit by Mike Lundin and loses puck.
2:18 of 1st period - Shot by Kyle MacKinnon.
2:18 of 1st period - Shot Blocked by Anton Babchuk.
2:20 of 1st period - Shot by Kyle MacKinnon.
2:20 of 1st period - Stopped by Carey Price without a rebound.
2:21 of 1st period - Casey Cizikas wins face-off versus Andre Deveaux in Islanders zone.
2:36 of 1st period - Shot by Josh Bailey.
2:36 of 1st period - Shot Misses the Net.
2:42 of 1st period - Marc-Edouard Vlasic is hit by Nino Niederreiter and loses puck.
3:18 of 1st period - Ryan Ellis is hit by Grant Clitsome and loses puck.
4:01 of 1st period - Shot by Scott Glennie.
4:01 of 1st period - Shot Blocked by Ryan Ellis.
4:03 of 1st period - Shot by Nick Bonino.
4:03 of 1st period - Stopped by Maxime Daigneault without a rebound.
4:04 of 1st period - Wayne Simmonds wins face-off versus Kyle MacKinnon in Jets zone.
4:05 of 1st period - Shot by Nick Bonino.
4:05 of 1st period - Stopped by Maxime Daigneault with a rebound.
4:14 of 1st period - Icing by Brent Aubin.
4:15 of 1st period - Jiri Tlusty wins face-off versus Tim Jackman in Jets zone.
4:15 of 1st period - Jiri Tlusty is hit by Brent Aubin.
4:25 of 1st period - Jared Cowen is hit by Tim Jackman and loses puck.
5:28 of 1st period - Shot by Gustav Nyquist.
5:28 of 1st period - Stopped by Carey Price without a rebound.
5:29 of 1st period - Nick Bonino wins face-off versus *Nico Hischier in Islanders zone.
5:42 of 1st period - Shot by Scott Glennie.
5:42 of 1st period - Stopped by Maxime Daigneault without a rebound.
5:43 of 1st period - *Nico Hischier wins face-off versus Leo Komarov in Jets zone.
5:43 of 1st period - *Nico Hischier is hit by Leo Komarov.
5:48 of 1st period - Off-side.
5:49 of 1st period - Nick Bonino wins face-off versus Kyle MacKinnon in neutral zone.
7:07 of 1st period - Shot by Leo Komarov.
7:07 of 1st period - Goal by Leo Komarov - Jets : 0 - Islanders : 1.
7:08 of 1st period - Casey Cizikas wins face-off versus Sam Reinhart in neutral zone.
7:23 of 1st period - Off-side.
7:24 of 1st period - Leo Komarov wins face-off versus Sam Reinhart in neutral zone.
7:24 of 1st period - Leo Komarov is hit by Brent Aubin.
7:35 of 1st period - Drew Stafford is hit by Ryan Ellis and loses puck.
7:45 of 1st period - Icing by Ryan Ellis.
7:46 of 1st period - Sam Reinhart wins face-off versus Jiri Tlusty in Jets zone.
7:46 of 1st period - Sam Reinhart is hit by Alex Burrows.
8:10 of 1st period - Gustav Nyquist is hit by Alex Burrows and loses puck.
8:19 of 1st period - Shot by Chris Higgins.
8:19 of 1st period - Shot Misses the Net.
8:21 of 1st period - Shot by Alex Burrows.
8:21 of 1st period - Shot Blocked by Marc-Edouard Vlasic.
9:05 of 1st period - Shot by Jake Muzzin.
9:05 of 1st period - Shot Misses the Net.
9:07 of 1st period - Shot by Tyler Ennis.
9:07 of 1st period - Shot Misses the Net.
9:09 of 1st period - Shot by Tyler Ennis.
9:09 of 1st period - Shot Misses the Net.
10:01 of 1st period - Shot by Pavel Vorobiev.
10:01 of 1st period - Shot Misses the Net.
10:23 of 1st period - Shot by Leo Komarov.
10:23 of 1st period - Stopped by Maxime Daigneault without a rebound.
10:24 of 1st period - Casey Cizikas wins face-off versus Andre Deveaux in Jets zone.
10:24 of 1st period - Carl Gunnarsson is hit by Ryan Ellis.
10:41 of 1st period - Nino Niederreiter is hit by Ryan Ellis.
11:04 of 1st period - Icing by Ryan Ellis.
11:05 of 1st period - Leo Komarov wins face-off versus Andre Deveaux in Jets zone.
11:20 of 1st period - Shot by Drew Stafford.
11:20 of 1st period - Shot Blocked by Ryan Ellis.
11:31 of 1st period - Icing by Ryan Ellis.
11:32 of 1st period - Andre Deveaux wins face-off versus Nick Bonino in Jets zone.
12:11 of 1st period - Sam Reinhart is hit by Mike Lundin and loses puck.
12:16 of 1st period - Shot by Sam Reinhart.
12:16 of 1st period - Shot Misses the Net.
12:22 of 1st period - Shot by Brent Aubin.
12:22 of 1st period - Shot Misses the Net.
12:24 of 1st period - Shot by Brent Aubin.
12:24 of 1st period - Deflect By Gustav Nyquist.
12:24 of 1st period - Shot Blocked by Anton Babchuk.
12:57 of 1st period - Mark Fraser is hit by Wayne Simmonds.
12:58 of 1st period - Icing by Mark Fraser.
12:59 of 1st period - Leo Komarov wins face-off versus Kyle MacKinnon in Jets zone.
13:07 of 1st period - Off-side.
13:08 of 1st period - Jiri Tlusty wins face-off versus *Nico Hischier in neutral zone.
13:55 of 1st period - Jiri Tlusty is hit by Brent Aubin and loses puck.
13:59 of 1st period - Carl Gunnarsson is hit by Jake Muzzin and loses puck.
14:10 of 1st period - Shot by Sam Reinhart.
14:10 of 1st period - Stopped by Carey Price without a rebound.
14:11 of 1st period - Kyle MacKinnon wins face-off versus Leo Komarov in Islanders zone.
14:15 of 1st period - Pavel Vorobiev is hit by Brian Strait and loses puck.
14:53 of 1st period - Shot by Sergei Kostitsyn.
14:53 of 1st period - Deflect By Drew Stafford.
14:53 of 1st period - Shot Misses the Net.
15:28 of 1st period - Shot by Mike Lundin.
15:28 of 1st period - Shot Misses the Net.
15:30 of 1st period - Shot by Manny Malhotra.
15:30 of 1st period - Stopped by Maxime Daigneault without a rebound.
15:31 of 1st period - Nick Bonino wins face-off versus *Nico Hischier in Jets zone.
15:49 of 1st period - Minor Penalty to Wayne Simmonds for Holding.
15:50 of 1st period - Nick Bonino wins face-off versus Sam Reinhart in Islanders zone.
17:47 of 1st period - Mark Fraser is hit by Nick Bonino and loses puck.
18:06 of 1st period - Shot by Brett Kulak.
18:06 of 1st period - Shot Blocked by Anton Babchuk.
18:08 of 1st period - Shot by Tim Jackman.
18:08 of 1st period - Shot Misses the Net.
18:12 of 1st period - Shot by Pavel Vorobiev.
18:12 of 1st period - Stopped by Carey Price without a rebound.
18:13 of 1st period - Jiri Tlusty wins face-off versus Tyler Ennis in Islanders zone.
19:15 of 1st period - Shot by Trevor Van Riemsdyk.
19:15 of 1st period - Deflect By Brent Aubin.
19:15 of 1st period - Shot Misses the Net.
19:17 of 1st period - Shot by Gustav Nyquist.
19:17 of 1st period - Shot Misses the Net.
19:19 of 1st period - Shot by Trevor Van Riemsdyk.
19:19 of 1st period - Goal by Trevor Van Riemsdyk - Jets : 1 - Islanders : 1.
19:20 of 1st period - Kyle MacKinnon wins face-off versus Wayne Simmonds in neutral zone.
19:22 of 1st period - Off-side.
19:23 of 1st period - Nick Bonino wins face-off versus Gustav Nyquist in neutral zone.
19:42 of 1st period - Shot by Brent Aubin.
19:42 of 1st period - Deflect By Gustav Nyquist.
19:42 of 1st period - Stopped by Carey Price without a rebound.
19:43 of 1st period - Leo Komarov wins face-off versus Kyle MacKinnon in Islanders zone.
Goals for this period are 1 for Jets vs 1 for Islanders.
Shots for this period are 7 for Jets vs 6 for Islanders.

2nd period


0:01 of 2nd period - Nick Bonino wins face-off versus *Nico Hischier in neutral zone.
0:04 of 2nd period - Tyler Ennis is hit by Scott Glennie and loses puck.
0:36 of 2nd period - Shot by Nick Bonino.
0:36 of 2nd period - Stopped by Maxime Daigneault with a rebound.
0:55 of 2nd period - Shot by Marc-Edouard Vlasic.
0:55 of 2nd period - Shot Blocked by Grant Clitsome.
1:15 of 2nd period - Shot by Brent Aubin.
1:15 of 2nd period - Shot Misses the Net.
1:17 of 2nd period - Shot by Gustav Nyquist.
1:17 of 2nd period - Deflect By Brent Aubin.
1:17 of 2nd period - Shot Misses the Net.
1:19 of 2nd period - Shot by Brent Aubin.
1:19 of 2nd period - Shot Misses the Net.
1:21 of 2nd period - Shot by Gustav Nyquist.
1:21 of 2nd period - Shot Misses the Net.
1:53 of 2nd period - Shot by Kyle MacKinnon.
1:53 of 2nd period - Shot Blocked by Grant Clitsome.
1:55 of 2nd period - Shot by Kyle MacKinnon.
1:55 of 2nd period - Stopped by Carey Price without a rebound.
1:56 of 2nd period - Andre Deveaux wins face-off versus Jiri Tlusty in Islanders zone.
2:03 of 2nd period - Shot by Josh Bailey.
2:03 of 2nd period - Stopped by Carey Price with a rebound.
2:16 of 2nd period - Icing by Josh Bailey.
2:17 of 2nd period - Andre Deveaux wins face-off versus Leo Komarov in Jets zone.
2:33 of 2nd period - Icing by Mike Lundin.
2:34 of 2nd period - Leo Komarov wins face-off versus Sam Reinhart in Islanders zone.
3:03 of 2nd period - Shot by Gustav Nyquist.
3:03 of 2nd period - Stopped by Carey Price with a rebound.
3:11 of 2nd period - Shot by Gustav Nyquist.
3:11 of 2nd period - Stopped by Carey Price with a rebound.
3:24 of 2nd period - Gustav Nyquist is hit by Jared Cowen and loses puck.
3:43 of 2nd period - Shot by *Nico Hischier.
3:43 of 2nd period - Stopped by Carey Price without a rebound.
3:44 of 2nd period - Casey Cizikas wins face-off versus Kyle MacKinnon in Islanders zone.
3:44 of 2nd period - Casey Cizikas is hit by Kyle MacKinnon.
3:50 of 2nd period - Casey Cizikas is hit by Mark Fraser and loses puck.
4:01 of 2nd period - Shot by Kyle MacKinnon.
4:01 of 2nd period - Stopped by Carey Price without a rebound.
4:02 of 2nd period - Jiri Tlusty wins face-off versus *Nico Hischier in Islanders zone.
4:11 of 2nd period - Shot by Jiri Tlusty.
4:11 of 2nd period - Shot Blocked by Trevor Van Riemsdyk.
4:21 of 2nd period - Shot by Alex Burrows.
4:21 of 2nd period - Shot Misses the Net.
5:05 of 2nd period - Shot by Casey Cizikas.
5:05 of 2nd period - Stopped by Maxime Daigneault without a rebound.
5:05 of 2nd period - Minor Penalty to Maxime Daigneault for Slashing.
5:06 of 2nd period - Nick Bonino wins face-off versus Andre Deveaux in Jets zone.
5:17 of 2nd period - Gustav Nyquist is hit by Wayne Simmonds and loses puck.
5:35 of 2nd period - Icing by Nick Bonino.
5:36 of 2nd period - Josh Bailey wins face-off versus Scott Glennie in Islanders zone.
6:51 of 2nd period - Shot by Carl Gunnarsson.
6:51 of 2nd period - Stopped by Maxime Daigneault without a rebound.
6:52 of 2nd period - Jiri Tlusty wins face-off versus Josh Bailey in Jets zone.
7:09 of 2nd period - Shot by Drew Stafford.
7:09 of 2nd period - Stopped by Maxime Daigneault without a rebound.
7:10 of 2nd period - Kyle MacKinnon wins face-off versus Leo Komarov in Jets zone.
7:25 of 2nd period - Shot by Pavel Vorobiev.
7:25 of 2nd period - Stopped by Carey Price without a rebound.
7:26 of 2nd period - Casey Cizikas wins face-off versus Sam Reinhart in Islanders zone.
7:33 of 2nd period - Casey Cizikas is hit by Brent Aubin and loses puck.
7:39 of 2nd period - Icing by Anton Babchuk.
7:40 of 2nd period - Casey Cizikas wins face-off versus *Nico Hischier in Islanders zone.
7:40 of 2nd period - Casey Cizikas is hit by Tyler Ennis.
8:12 of 2nd period - Shot by Casey Cizikas.
8:12 of 2nd period - Deflect By Nino Niederreiter.
8:12 of 2nd period - Stopped by Maxime Daigneault with a rebound.
8:36 of 2nd period - Shot by Sam Reinhart.
8:36 of 2nd period - Shot Misses the Net.
8:48 of 2nd period - Shot by Ryan Ellis.
8:48 of 2nd period - Stopped by Carey Price without a rebound.
8:49 of 2nd period - Kyle MacKinnon wins face-off versus Jiri Tlusty in Islanders zone.
9:58 of 2nd period - Off-side.
9:59 of 2nd period - Tyler Ennis wins face-off versus Leo Komarov in neutral zone.
10:20 of 2nd period - Sergei Kostitsyn is hit by Ryan Ellis and loses puck.
10:59 of 2nd period - Shot by Scott Glennie.
10:59 of 2nd period - Goal by Scott Glennie - Jets : 1 - Islanders : 2.
11:00 of 2nd period - Casey Cizikas wins face-off versus Sam Reinhart in neutral zone.
11:31 of 2nd period - Shot by Manny Malhotra.
11:31 of 2nd period - Shot Blocked by Mark Fraser.
11:59 of 2nd period - Shot by Jake Muzzin.
11:59 of 2nd period - Shot Blocked by Nick Bonino.
12:11 of 2nd period - Shot by Nick Bonino.
12:11 of 2nd period - Stopped by Maxime Daigneault without a rebound.
12:12 of 2nd period - Jiri Tlusty wins face-off versus Kyle MacKinnon in Jets zone.
12:17 of 2nd period - Shot by Carl Gunnarsson.
12:17 of 2nd period - Stopped by Maxime Daigneault without a rebound.
12:18 of 2nd period - Nick Bonino wins face-off versus Kyle MacKinnon in Jets zone.
12:20 of 2nd period - Scott Glennie is hit by Ryan Ellis and loses puck.
12:26 of 2nd period - Marc-Edouard Vlasic is hit by Carl Gunnarsson and loses puck.
14:10 of 2nd period - Shot by Sergei Kostitsyn.
14:10 of 2nd period - Shot Misses the Net.
14:12 of 2nd period - Shot by Drew Stafford.
14:12 of 2nd period - Stopped by Maxime Daigneault without a rebound.
14:13 of 2nd period - Andre Deveaux wins face-off versus Casey Cizikas in Jets zone.
14:13 of 2nd period - Andre Deveaux is hit by Casey Cizikas.
15:13 of 2nd period - Shot by Pavel Vorobiev.
15:13 of 2nd period - Shot Blocked by Carl Gunnarsson.
15:32 of 2nd period - Shot by Nick Bonino.
15:32 of 2nd period - Shot Misses the Net.
15:34 of 2nd period - Shot by Carl Gunnarsson.
15:34 of 2nd period - Shot Misses the Net.
15:51 of 2nd period - Off-side.
15:52 of 2nd period - Leo Komarov wins face-off versus Sam Reinhart in neutral zone.
16:11 of 2nd period - Shot by Gustav Nyquist.
16:11 of 2nd period - Stopped by Carey Price without a rebound.
16:12 of 2nd period - Jiri Tlusty wins face-off versus *Nico Hischier in Islanders zone.
17:08 of 2nd period - Icing by Brent Aubin.
17:09 of 2nd period - Gustav Nyquist wins face-off versus Nick Bonino in Jets zone.
17:44 of 2nd period - Gustav Nyquist is hit by Grant Clitsome and loses puck.
18:01 of 2nd period - Shot by Pavel Vorobiev.
18:01 of 2nd period - Stopped by Carey Price with a rebound.
18:05 of 2nd period - Shot by Pavel Vorobiev.
18:05 of 2nd period - Stopped by Carey Price without a rebound.
18:06 of 2nd period - Leo Komarov wins face-off versus *Nico Hischier in Islanders zone.
18:06 of 2nd period - Leo Komarov is hit by Tyler Ennis.
18:25 of 2nd period - Shot by Leo Komarov.
18:25 of 2nd period - Shot Blocked by *Nico Hischier.
18:41 of 2nd period - Shot by Mike Lundin.
18:41 of 2nd period - Stopped by Maxime Daigneault without a rebound.
18:42 of 2nd period - Jiri Tlusty wins face-off versus Kyle MacKinnon in Jets zone.
18:43 of 2nd period - Shot by Alex Burrows.
18:43 of 2nd period - Stopped by Maxime Daigneault without a rebound.
18:44 of 2nd period - Jiri Tlusty wins face-off versus Sam Reinhart in Jets zone.
18:44 of 2nd period - Brian Strait is hit by Jake Muzzin and loses puck.
18:48 of 2nd period - Chris Higgins is hit by Trevor Van Riemsdyk and loses puck.
19:00 of 2nd period - Jiri Tlusty is hit by Jake Muzzin and loses puck.
19:15 of 2nd period - Gustav Nyquist is hit by Alex Burrows and loses puck.
Goals for this period are 0 for Jets vs 1 for Islanders.
Shots for this period are 11 for Jets vs 11 for Islanders.

3rd period


0:01 of 3rd period - *Nico Hischier wins face-off versus Nick Bonino in neutral zone.
0:04 of 3rd period - Shot by Ryan Ellis.
0:04 of 3rd period - Stopped by Carey Price with a rebound.
0:06 of 3rd period - Shot by Ryan Ellis.
0:06 of 3rd period - Deflect By *Nico Hischier.
0:06 of 3rd period - Stopped by Carey Price without a rebound.
0:07 of 3rd period - *Nico Hischier wins face-off versus Leo Komarov in Islanders zone.
0:07 of 3rd period - *Nico Hischier is hit by Grant Clitsome.
0:21 of 3rd period - Shot by Drew Stafford.
0:21 of 3rd period - Shot Misses the Net.
0:29 of 3rd period - Shot by Drew Stafford.
0:29 of 3rd period - Stopped by Maxime Daigneault without a rebound.
0:30 of 3rd period - Nick Bonino wins face-off versus Sam Reinhart in Jets zone.
0:30 of 3rd period - Jared Cowen is hit by Trevor Van Riemsdyk and loses puck.
0:34 of 3rd period - Nick Bonino is hit by Jake Muzzin and loses puck.
0:47 of 3rd period - Shot by Wayne Simmonds.
0:47 of 3rd period - Goal by Wayne Simmonds - Jets : 1 - Islanders : 3.
0:48 of 3rd period - Drew Stafford wins face-off versus *Nico Hischier in neutral zone.
1:11 of 3rd period - Shot by Drew Stafford.
1:11 of 3rd period - Stopped by Maxime Daigneault without a rebound.
1:12 of 3rd period - Nick Bonino wins face-off versus Sam Reinhart in Jets zone.
1:21 of 3rd period - Shot by Wayne Simmonds.
1:21 of 3rd period - Shot Hit the Post.
1:23 of 3rd period - Shot by Jared Cowen.
1:23 of 3rd period - Shot Misses the Net.
1:25 of 3rd period - Shot by Jared Cowen.
1:25 of 3rd period - Stopped by Maxime Daigneault without a rebound.
1:26 of 3rd period - Jiri Tlusty wins face-off versus Andre Deveaux in Jets zone.
1:26 of 3rd period - Minor Penalty to Ryan Ellis for Cross-checking.
1:27 of 3rd period - *Nico Hischier wins face-off versus Nick Bonino in Jets zone.
1:42 of 3rd period - Shot by Wayne Simmonds.
1:42 of 3rd period - Stopped by Maxime Daigneault without a rebound.
1:43 of 3rd period - Josh Bailey wins face-off versus Alex Burrows in Jets zone.
1:51 of 3rd period - Off-side.
1:52 of 3rd period - Josh Bailey wins face-off versus Nick Bonino in neutral zone.
2:19 of 3rd period - Shot by Nick Bonino.
2:19 of 3rd period - Stopped by Maxime Daigneault without a rebound.
2:20 of 3rd period - Jiri Tlusty wins face-off versus Josh Bailey in Jets zone.
2:53 of 3rd period - Shot by Jared Cowen.
2:53 of 3rd period - Goal by Jared Cowen - Jets : 1 - Islanders : 4.
2:54 of 3rd period - Nick Bonino wins face-off versus Kyle MacKinnon in neutral zone.
3:09 of 3rd period - Shot by Wayne Simmonds.
3:09 of 3rd period - Stopped by Maxime Daigneault without a rebound.
3:10 of 3rd period - Leo Komarov wins face-off versus Gustav Nyquist in Jets zone.
3:21 of 3rd period - Shot by Leo Komarov.
3:21 of 3rd period - Stopped by Maxime Daigneault without a rebound.
3:22 of 3rd period - Kyle MacKinnon wins face-off versus Wayne Simmonds in Jets zone.
3:35 of 3rd period - Shot by Scott Glennie.
3:35 of 3rd period - Deflect By Wayne Simmonds.
3:35 of 3rd period - Shot Blocked by Ryan Ellis.
3:55 of 3rd period - Carl Gunnarsson is hit by Tim Jackman and loses puck.
4:25 of 3rd period - Jared Cowen is hit by Tyler Ennis and loses puck.
4:45 of 3rd period - Brian Strait is hit by Tyler Ennis and loses puck.
5:22 of 3rd period - Shot by Gustav Nyquist.
5:22 of 3rd period - Deflect By Brent Aubin.
5:22 of 3rd period - Stopped by Carey Price with a rebound.
5:24 of 3rd period - Shot by Gustav Nyquist.
5:24 of 3rd period - Stopped by Carey Price without a rebound.
5:25 of 3rd period - Kyle MacKinnon wins face-off versus Casey Cizikas in Islanders zone.
6:11 of 3rd period - Off-side.
6:12 of 3rd period - Gustav Nyquist wins face-off versus Nick Bonino in neutral zone.
6:17 of 3rd period - Icing by Nick Bonino.
6:18 of 3rd period - Andre Deveaux wins face-off versus Nick Bonino in Islanders zone.
6:30 of 3rd period - Wayne Simmonds is hit by Brent Aubin and loses puck.
6:45 of 3rd period - Shot by Scott Glennie.
6:45 of 3rd period - Stopped by Maxime Daigneault without a rebound.
6:46 of 3rd period - *Nico Hischier wins face-off versus Jiri Tlusty in Jets zone.
7:26 of 3rd period - Shot by Anton Babchuk.
7:26 of 3rd period - Shot Blocked by Marc-Edouard Vlasic.
7:39 of 3rd period - Mike Lundin is hit by Jake Muzzin and loses puck.
7:49 of 3rd period - Sam Reinhart is hit by Mike Lundin.
7:52 of 3rd period - Icing by Alex Burrows.
7:53 of 3rd period - Jiri Tlusty wins face-off versus Tim Jackman in Islanders zone.
8:21 of 3rd period - Shot by Drew Stafford.
8:21 of 3rd period - Stopped by Maxime Daigneault without a rebound.
8:22 of 3rd period - Nick Bonino wins face-off versus Sam Reinhart in Jets zone.
8:23 of 3rd period - Shot by Wayne Simmonds.
8:23 of 3rd period - Stopped by Maxime Daigneault with a rebound.
8:25 of 3rd period - Shot by Nick Bonino.
8:25 of 3rd period - Goal by Nick Bonino - Jets : 1 - Islanders : 5.
8:26 of 3rd period - Brent Aubin wins face-off versus Nick Bonino in neutral zone.
8:42 of 3rd period - Nick Bonino is hit by Ryan Ellis and loses puck.
8:49 of 3rd period - Shot by Scott Glennie.
8:49 of 3rd period - Shot Misses the Net.
8:51 of 3rd period - Shot by Grant Clitsome.
8:51 of 3rd period - Stopped by Maxime Daigneault with a rebound.
8:59 of 3rd period - Shot by Grant Clitsome.
8:59 of 3rd period - Stopped by Maxime Daigneault without a rebound.
9:00 of 3rd period - Leo Komarov wins face-off versus *Nico Hischier in Jets zone.
10:03 of 3rd period - Icing by *Nico Hischier.
10:04 of 3rd period - *Nico Hischier wins face-off versus Nick Bonino in Jets zone.
10:14 of 3rd period - Icing by Mike Lundin.
10:15 of 3rd period - Sam Reinhart wins face-off versus Nick Bonino in Islanders zone.
10:24 of 3rd period - Brent Aubin is hit by Scott Glennie and loses puck.
11:02 of 3rd period - Mike Lundin is hit by Ryan Ellis and loses puck.
11:20 of 3rd period - Off-side.
11:21 of 3rd period - Kyle MacKinnon wins face-off versus Leo Komarov in neutral zone.
11:26 of 3rd period - Shot by Pavel Vorobiev.
11:26 of 3rd period - Stopped by Carey Price with a rebound.
11:28 of 3rd period - Shot by Brett Kulak.
11:28 of 3rd period - Stopped by Carey Price with a rebound.
12:02 of 3rd period - Icing by Mark Fraser.
12:03 of 3rd period - Kyle MacKinnon wins face-off versus Jiri Tlusty in Jets zone.
12:16 of 3rd period - Shot by Alex Burrows.
12:16 of 3rd period - Stopped by Maxime Daigneault with a rebound.
12:41 of 3rd period - Josh Bailey is hit by Jiri Tlusty and loses puck.
13:37 of 3rd period - Shot by Sam Reinhart.
13:37 of 3rd period - Goal by Sam Reinhart - Jets : 2 - Islanders : 5.
13:38 of 3rd period - Leo Komarov wins face-off versus Andre Deveaux in neutral zone.
13:38 of 3rd period - Jared Cowen is hit by Raffi Torres and loses puck.
13:52 of 3rd period - Andre Deveaux is hit by Leo Komarov and loses puck.
14:38 of 3rd period - Tim Jackman is hit by Mike Lundin and loses puck.
14:48 of 3rd period - Icing by Anton Babchuk.
14:49 of 3rd period - Casey Cizikas wins face-off versus Sam Reinhart in Islanders zone.
14:55 of 3rd period - Brent Aubin is hit by Mike Lundin and loses puck.
15:13 of 3rd period - Shot by Anton Babchuk.
15:13 of 3rd period - Stopped by Maxime Daigneault with a rebound.
15:50 of 3rd period - Minor Penalty to Ryan Ellis for Interference.
15:51 of 3rd period - Jiri Tlusty wins face-off versus Josh Bailey in Jets zone.
16:15 of 3rd period - Shot by Alex Burrows.
16:15 of 3rd period - Stopped by Maxime Daigneault without a rebound.
16:16 of 3rd period - Nick Bonino wins face-off versus Josh Bailey in Jets zone.
16:33 of 3rd period - Shot by Nick Bonino.
16:33 of 3rd period - Stopped by Maxime Daigneault with a rebound.
16:35 of 3rd period - Shot by Nick Bonino.
16:35 of 3rd period - Stopped by Maxime Daigneault without a rebound.
16:36 of 3rd period - Josh Bailey wins face-off versus Jiri Tlusty in Jets zone.
16:49 of 3rd period - Shot by Jared Cowen.
16:49 of 3rd period - Stopped by Maxime Daigneault without a rebound.
16:50 of 3rd period - Andre Deveaux wins face-off versus Nick Bonino in Jets zone.
17:19 of 3rd period - Shot by Carl Gunnarsson.
17:19 of 3rd period - Stopped by Maxime Daigneault with a rebound.
17:37 of 3rd period - Off-side.
17:38 of 3rd period - Jiri Tlusty wins face-off versus *Nico Hischier in neutral zone.
18:25 of 3rd period - Off-side.
18:26 of 3rd period - Jiri Tlusty wins face-off versus Sam Reinhart in neutral zone.
19:05 of 3rd period - Alex Burrows is hit by Ryan Ellis and loses puck.
19:59 of 3rd period - Josh Bailey is hit by Grant Clitsome.
Goals for this period are 1 for Jets vs 3 for Islanders.
Shots for this period are 7 for Jets vs 22 for Islanders.